 Dungeon Crawl Stone Soup version 0.13-a0-1804-g486adc7 (webtiles) character file.

8899 Sabsy the Nimble (level 11, -11/75 HPs)
             Began as a Demonspawn Wanderer on June 24, 2013.
             Was a High Priest of Okawaru.
             Mangled by a four-headed hydra (14 damage)
             ... on Level 1 of the Lair of Beasts.
             The game lasted 02:49:58 (13985 turns).

Sabsy the Nimble (Demonspawn Wanderer)             Turns: 13985, Time: 02:49:58

HP -11/75        AC 13     Str 20      XL: 11   Next: 11%
MP  17/21        EV 16     Int 15      God: Okawaru [*****.]
Gold 339         SH  0     Dex 11      Spells:  4 memorised, 11 levels left

Res.Fire  : . . .   See Invis. : .   a - +1,+3 crossbow
Res.Cold  : . . .   Warding    : .   m - +0 ring mail
Life Prot.: . . .   Conserve   : .   (no shield)
Res.Poison: .       Res.Corr.  : .   (helmet restricted)
Res.Elec. : .       Clarity    : .   U - +2 cloak
Sust.Abil.: . .     Spirit.Shd : .   (no gloves)
Res.Mut.  : .       Stasis     : .   z - +2 pair of elf boots
Res.Rott. : .       Flight     : .   (no amulet)
Saprovore : + . .                    E - ring of wizardry
                                     x - +4 ring of strength

@: invisible, heroism, somewhat resistant to hostile enchantments, quite
stealthy
A: antennae 2, powered by pain 2, saprovore 1, AC +1
a: Heroism, Finesse, Renounce Religion


You were on level 1 of the Lair of Beasts.
You worshipped Okawaru.
Okawaru was exalted by your worship.
You were hungry.

You visited 3 branches of the dungeon, and saw 13 of its levels.

You collected 549 gold pieces.
You spent 260 gold pieces at shops.

Inventory:

Hand weapons
 a - a +1,+3 crossbow (weapon)
 b - a +2,+2 sabre of draining
 n - a +0,+3 sling of flame
 r - a +2,+1 dagger of venom
 H - a +3,+3 orcish anti-magic dagger
 Q - a +2,+1 dagger of distortion
 W - a +0 blowgun
Missiles
 k - 9 darts
 I - 8 silver darts
 V - 2 bolts
 X - 4 curare-tipped needles
 Y - 19 bolts of frost (quivered)
Armour
 m - a +0 ring mail (worn)
 o - a +0 elven shield
 z - a +2 pair of elven boots (worn)
 P - a +0 orcish chain mail of fire resistance
 U - a +2 cloak (worn)
Magical devices
 g - a wand of paralysis (18)
 s - a wand of heal wounds (0)
 D - a wand of lightning (0)
Comestibles
 d - 3 bread rations
 h - 3 meat rations
 A - a royal jelly
 B - a honeycomb
Scrolls
 c - a scroll of enchant weapon I {unknown}
 i - 3 scrolls of remove curse
 j - 2 scrolls of identify
 l - a scroll of magic mapping
 p - a scroll of enchant armour
 q - a scroll of fog
 t - a scroll of amnesia
 w - a scroll of recharging
 y - a scroll of enchant weapon II
 J - 3 scrolls of teleportation
 K - a scroll of summoning
Jewellery
 u - a +4 ring of intelligence
 x - a +4 ring of strength (left hand)
 E - a ring of wizardry (right hand)
 M - an uncursed ring of ice
 S - an uncursed ring of sustenance
Potions
 e - a potion of brilliance
 f - a potion of resistance
 C - a potion of speed
 F - 2 potions of restore abilities
 O - a potion of berserk rage {unknown}
 R - a potion of poison {unknown}
 T - a potion of agility
 Z - a potion of cure mutation {unknown}
Books
 v - a book of Flames

   Spells                             Type                      Level
   Flame Tongue                       Conjuration/Fire             1
   Throw Flame                        Conjuration/Fire             2
   Conjure Flame                      Conjuration/Fire             3
   Inner Flame                        Hexes/Fire                   3
   Sticky Flame                       Conjuration/Fire             4
   Fireball                           Conjuration/Fire             5
 G - a book of Power

   Spells                             Type                      Level
   Iskenderun's Mystic Blast          Conjuration                  4
   Venom Bolt                         Conjuration/Poison           5
   Bolt of Magma                      Conjuration/Fire/Earth       5
   Poisonous Cloud                    Conjuration/Poison/Air       6
   Iron Shot                          Conjuration/Earth            6
   Orb of Destruction                 Conjuration                  7
 N - a Young Poisoner's Handbook

   Spells                             Type                      Level
   *Sting                             Conjuration/Poison           1
   *Cure Poison                       Poison                       2
   *Mephitic Cloud                    Conjuration/Poison/Air       3
   Olgreb's Toxic Radiance            Poison                       4
   Venom Bolt                         Conjuration/Poison           5


   Skills:
 - Level 3.1(8.1) Fighting
 - Level 7.1(12.1) Short Blades
 + Level 8.3(13.3) Crossbows
 * Level 9.0(14.0) Dodging
 - Level 3.5(8.5) Stealth
 - Level 4.0 Spellcasting
 - Level 4.2 Conjurations
   Level 2.6 Earth Magic
 - Level 2.0 Poison Magic
 * Level 2.5 Invocations
 - Level 1.0 Evocations


You had 11 spell levels left.
You knew the following spells:

 Your Spells              Type           Power        Failure   Level  Hunger
a - Beastly Appendage     Trmt           #.....       7%          1    None
b - Cure Poison           Pois           #.........   4%          2    ##.....
c - Sting                 Conj/Pois      ##..         2%          1    None
d - Mephitic Cloud        Conj/Pois/Air  #.......     10%         3    ###....


Dungeon Overview and Level Annotations

Branches:
Dungeon (11/27)            Temple (1/1) D:7             Orc (0/4) D:10
   Lair (1/8) D:10

Altars:
Ashenzari
Cheibriados
Elyvilon
Fedhas
Kikubaaqudgha
Makhleb
Nemelex Xobeh
Okawaru
Sif Muna
Trog
Vehumet
Xom
Yredelemnul
Zin
the Shining One
Beogh

Shops:
D:6: ? D:7: **

Annotations
D:9 exclusions: door and 13 more exclusions


Innate Abilities, Weirdness & Mutations

You have a pair of antennae on your head.
You are partially covered in rugged brown scales (AC +1, +3% HP).
You sometimes gain power by taking damage.
You can tolerate rotten meat.


Message History

The four-headed hydra easily resists.
The four-headed hydra barely misses you.
The four-headed hydra bites you.
* * * LOW HITPOINT WARNING * * *
The four-headed hydra barely misses you.
The four-headed hydra closely misses you.
Use which ability? (? or * to list)
You gain the combat prowess of a mighty hero.
You feel slightly more hungry. The four-headed hydra bites you.
* * * LOW HITPOINT WARNING * * *
The four-headed hydra bites you!
* * * LOW HITPOINT WARNING * * *
The four-headed hydra misses you.
The four-headed hydra bites you but does no damage.
Read which item? (? for menu, Esc to quit)
Okay, then.
Drink which item? (? for menu, Esc to quit)
You fade into invisibility!
The four-headed hydra bites you!
You die...

................#.......##....##.
...............##.......#.#######
...##..........##........#######.
...##.######P...#.......##.......
...#### ###.##........##.......
≈...+ #....#.........+.......
≈≈≈.# #....#........##.......
#≈≈≈# #....##.......##.......
#≈≈≈# #####.@....#####...#.##
#≈≈≈# ##.D...# #...##### #≈≈≈#
#........(........##.... ≈
#................. #....
#......>...(...... #....
..................##....
................ #.....
...........(.. ##....
............ #....


You could see a four-headed hydra.

Vanquished Creatures
  Harold (Lair:1)
  Erica (D:10)
  A feature mimic (Lair:1)
  Psyche (D:8)
  Sonja (D:10)
  A komodo dragon (Lair:1)
  2 trolls
  A wyvern (D:8)
  2 hippogriffs
  10 yaks
  A vampire mosquito (D:8)
  A manticore zombie (D:7)
  A sky beast (D:7)
  A yellow wasp (D:9)
  2 ice beasts
  4 orc warriors
  4 ogres
  A centaur (D:9)
  A crocodile (D:7)
  2 giant slugs (Lair:1)
  A basilisk (Lair:1)
  A gnoll sergeant (D:10)
  2 centaur skeletons
  A centaur zombie (D:8)
  A giant frog zombie (D:6)
  5 giant frogs
  A giant frog skeleton (D:5)
  An agate snail (Lair:1)
  5 crimson imps
  A sky beast zombie (D:6)
  A goliath beetle (D:10)
  9 orc priests
  A big kobold skeleton (D:9)
  A gnoll shaman (D:8)
  4 iguanas
  8 hounds
  3 worker ants
  14 orc wizards
  A worker ant zombie (D:8)
  Jessica (D:3)
  2 jellies
  Terence (D:3)
  A mummy (D:9)
  9 gnolls
  11 adders
  13 green rats (Lair:1)
  2 iguana skeletons (D:7)
  An iguana zombie (D:7)
  A giant mite (D:2)
  5 worms
  3 grey rats (D:2)
  A bat skeleton (D:4)
  A bat zombie (D:8)
  2 giant eyeballs
  3 giant geckos
  3 oozes
  50 orcs
  14 bats
  5 giant cockroaches
  10 goblins
  13 hobgoblins
  16 jackals
  A ball python (D:5)
  5 giant newts
  A hobgoblin skeleton (D:5)
  A jackal skeleton (D:4)
  20 kobolds
  A kobold skeleton (D:4)
  7 quokkas
  19 rats
  A rat zombie (D:6)
324 creatures vanquished.

Vanquished Creatures (others)
  An orc (D:4)
  A kobold (D:7)
2 creatures vanquished.

Grand Total: 326 creatures vanquished

Notes
Turn   | Place    | Note
--------------------------------------------------------------
     0 | D:1      | Sabsy, the Demonspawn Wanderer, began the quest for the Orb.
     0 | D:1      | Reached XP level 1. HP: 14/14 MP: 2/2
    78 | D:1      | Gained mutation: You sometimes gain a little power by taking damage. [demonic ancestry]
    78 | D:1      | Reached XP level 2. HP: 18/20 MP: 3/3
   113 | D:1      | Reached skill level 3 in Crossbows
   493 | D:2      | Gained mutation: You are partially covered in rugged brown scales (AC +1, +3% HP). [demonic ancestry]
   493 | D:2      | Reached XP level 3. HP: 13/25 MP: 4/4
   856 | D:2      | Reached XP level 4. HP: 31/31 MP: 5/5
  1385 | D:2      | Found a glowing silver altar of Zin.
  1442 | D:3      | Reached skill level 4 in Crossbows
  1832 | D:3      | Noticed Terence
  1895 | D:3      | Noticed Jessica
  1907 | D:3      | Killed Jessica
  1907 | D:3      | Gained mutation: You have a pair of small antennae on your head. [demonic ancestry]
  1907 | D:3      | Reached XP level 5. HP: 29/37 MP: 6/6
  2149 | D:3      | Paralysed by a potion of paralysis for 2 turns
  2487 | D:4      | Reached skill level 5 in Crossbows
  2517 | D:4      | Gained mutation: You sometimes gain power by taking damage. [demonic ancestry]
  2517 | D:4      | Reached XP level 6. HP: 37/43 MP: 8/8
  3024 | D:3      | Killed Terence
  3121 | D:5      | Entered Level 5 of the Dungeon
  3601 | D:5      | Reached skill level 6 in Crossbows
  3810 | D:5      | Reached skill level 1 in Short Blades
  3925 | D:5      | Reached XP level 7. HP: 36/48 MP: 9/9
  4022 | D:5      | Noticed a hill giant skeleton
  4749 | D:6      | Found Woishoqi's Magic Scroll Shoppe.
  4769 | D:6      | Bought a scroll of identify for 28 gold pieces
  4769 | D:6      | Bought a scroll of immolation for 14 gold pieces
  4769 | D:6      | Bought a scroll of teleportation for 42 gold pieces
  5056 | D:6      | Paralysed by a giant eyeball for 3 turns
  5085 | D:7      | Found Vockoug's Assorted Antiques.
  5166 | D:7      | Reached XP level 8. HP: 25/54 MP: 10/10
  5176 | D:7      | Reached skill level 5 in Short Blades
  6077 | D:7      | Found a bloodstained altar of Trog.
  6349 | D:7      | Found Ovuog's Assorted Antiques.
  6362 | D:7      | Reached skill level 1 in Dodging
  6800 | D:7      | Reached skill level 1 in Fighting
  6827 | D:7      | Bought a runed sabre for 108 gold pieces
  7160 | D:7      | Bought a potion of curing for 68 gold pieces
  7563 | D:7      | Found a staircase to the Ecumenical Temple.
  7841 | Temple   | Entered the Ecumenical Temple
  7923 | Temple   | Became a worshipper of Warmaster Okawaru
  8147 | D:8      | Gained mutation: You have a pair of antennae on your head. [demonic ancestry]
  8147 | D:8      | Reached XP level 9. HP: 52/61 MP: 11/11
  8183 | D:8      | Noticed Psyche
  8235 | D:8      | Noticed a troll
  8253 | D:8      | Killed a troll
  8445 | D:8      | Paralysed by a crimson imp for 2 turns
  8928 | D:8      | Acquired Okawaru's first power
  9001 | D:8      | Found a burning altar of Makhleb.
  9617 | D:9      | Reached skill level 5 in Dodging
 10367 | D:10     | Entered Level 10 of the Dungeon
 10653 | D:10     | Reached skill level 7 in Short Blades
 10661 | D:10     | Reached XP level 10. HP: 21/69 MP: 12/12
 10982 | D:10     | Paralysed by a giant eyeball for 3 turns
 11126 | D:10     | Found a staircase to the Orcish Mines.
 11143 | D:10     | Learned a level 2 spell: Cure Poison
 11145 | D:10     | Learned a level 1 spell: Sting
 11149 | D:10     | Learned a level 3 spell: Mephitic Cloud
 11230 | D:10     | Noticed Sonja
 11279 | D:10     | Found a staircase to the Lair.
 11290 | D:10     | Noticed a hill giant
 11389 | D:10     | Reached skill level 1 in Spellcasting
 11396 | D:10     | Reached skill level 1 in Conjurations
 11695 | D:8      | Killed Psyche
 12015 | D:8      | Found a roughly hewn altar of Beogh.
 12365 | D:10     | Noticed Erica
 12389 | D:10     | Killed Erica
 12503 | D:10     | Killed Sonja
 12624 | Lair:1   | Entered Level 1 of the Lair of Beasts
 12686 | Lair:1   | Reached skill level 8 in Dodging
 13221 | Lair:1   | Noticed Harold
 13260 | Lair:1   | Killed Harold
 13260 | Lair:1   | Acquired Okawaru's second power
 13260 | Lair:1   | Gained mutation: You can tolerate rotten meat. [demonic ancestry]
 13260 | Lair:1   | Reached XP level 11. HP: 70/75 MP: 13/21
 13262 | Lair:1   | Received a gift from Okawaru
 13541 | Lair:1   | Received a gift from Okawaru
 13541 | Lair:1   | Reached skill level 1 in Invocations
 13685 | Lair:1   | Reached skill level 9 in Dodging
 13958 | Lair:1   | Noticed a four-headed hydra
 13984 | Lair:1   | HP: 3/75 [four-headed hydra (9)]
 13985 | Lair:1   | Mangled by a four-headed hydra

Action                   |  1- 3 |  4- 6 |  7- 9 | 10-12 || total
-------------------------+-------+-------+-------+-------++-------
Melee: Dagger            |    47 |   228 |   393 |   104 ||   772
       Sabre             |       |       |   147 |   257 ||   404
 Fire: Crossbow          |    56 |    91 |   132 |    37 ||   316
Throw: Dart              |       |       |    11 |     7 ||    18
       Club              |       |       |     1 |       ||     1
       Dagger            |       |       |     1 |       ||     1
 Cast: Mephitic Cloud    |       |       |       |    28 ||    28
       Sting             |       |       |       |    10 ||    10
Invok: Heroism           |       |       |     2 |     3 ||     5
Evoke: Wand              |       |       |     7 |    10 ||    17
  Use: Potion            |       |     3 |     8 |     1 ||    12
       Scroll            |       |     2 |    14 |    10 ||    26
 Stab: Sleeping          |       |       |     1 |       ||     1
       Distracted        |       |       |     1 |       ||     1
       Confused          |       |       |       |    15 ||    15
       Paralysed         |       |       |       |     1 ||     1
